 Dungeon Crawl Stone Soup version 0.29.1-15-g9cfb28693d (webtiles) character file.

Game seed: 2572430546966501506

15534 Arctor the Fighter (level 12, -7/108 HPs)
             Began as a Grey Draconian Transmuter on Feb 23, 2023.
             Was an Elder of Kikubaaqudgha.
             Mangled by a boulder beetle (51 damage)
             ... on level 10 of the Dungeon.
             The game lasted 00:37:54 (15587 turns).

Arctor the Fighter (Grey Draconian Transmuter)     Turns: 15587, Time: 00:37:54

Health: -7/108     AC: 18    Str: 14    XL:     12   Next: 2%
Magic:  17/19      EV: 31    Int: 13    God:    Kikubaaqudgha [****..]
Gold:   681        SH:  0    Dex: 16    Spells: 7/21 levels left

rFire   + + +      SeeInvis .   m - +6 dagger of Innocence {pain, rF+++ rC- rN+ Will+}
rCold   x . .      Faith    .   (no shield)
rNeg    + . .      Spirit   .   (body armour unavailable)
rPois   +          Reflect  .   (helmet currently unavailable)
rElec   +          Harm     .   (no cloak)
rCorr   .          Rampage  .   B - +0 pair of gloves
Will    +....      Clarity  +   (boots currently unavailable)
Stlth   ++........              j - amulet of the acrobat
HPRegen 0.28/turn               h - ring of poison resistance
MPRegen 0.16/turn               o - +4 ring of protection

@: mighty, appendages, acrobatic
A: horns 2, talons 2, AC +13, amphibious, unfitting armour, cold-blooded, beak,
clarity, electricity resistance
a: End Transformation, Renounce Religion, Unearth Wretches


You were on level 10 of the Dungeon.
You worshipped Kikubaaqudgha.
Kikubaaqudgha was greatly pleased with you.
You had temporarily grown beastly horns and talons.
You visited 3 branches of the dungeon, and saw 13 of its levels.

You collected 681 gold pieces.

Inventory:

Hand Weapons
 m - the +6 dagger of Innocence (weapon) {pain, rF+++ rC- rN+ Will+}
   (You took it off a hobgoblin on level 2 of the Dungeon)

   In the hands of one skilled in necromantic magic, it inflicts extra damage on
   living creatures.
   rF:        It renders you almost immune to fire.
   rC:        It makes you vulnerable to cold.
   rN:        It protects you from negative energy.
   Will:      It increases your willpower.
 t - a +4 eveningstar of venom
Armour
 B - a +0 pair of gloves (worn)
Magical Staves
 y - a staff of death
Jewellery
 b - a ring of ice
 h - a ring of poison resistance (left hand)
 j - an amulet of the acrobat (around neck)
 o - a +4 ring of protection (right hand)
 x - a ring of protection from fire
 A - a ring of protection from fire
Wands
 l - a wand of quicksilver (17)
 p - a wand of roots (17)
 q - a wand of polymorph (14)
 r - a wand of flame (25)
Scrolls
 a - a scroll of blinking
 e - 3 scrolls of magic mapping
 f - a scroll of fear
 n - a scroll of amnesia
 u - a scroll of identify
 v - 3 scrolls of enchant armour
 w - 3 scrolls of noise
 z - 2 scrolls of butterflies
 C - a scroll of enchant weapon {unknown}
Potions
 c - 2 potions of curing
 d - 2 potions of haste
 g - a potion of cancellation
 i - 4 potions of attraction
 k - 2 potions of brilliance
 s - 4 potions of heal wounds
 D - a potion of might
 E - 2 potions of ambrosia {unknown}
 F - a potion of berserk rage {unknown}


   Skills:
 + Level 10.7 Fighting
 + Level 9.7 Short Blades
 + Level 7.9 Dodging
 - Level 1.4 Stealth
 - Level 3.4 Unarmed Combat
 - Level 5.2 Spellcasting
 + Level 8.9 Necromancy
 - Level 2.6 Transmutations
 + Level 3.4 Evocations


You had 7 spell levels left.
You knew the following spells:

 Your Spells              Type           Power      Damage    Failure   Level
a - Beastly Appendage     Tmut           20%        N/A       6%          1
b - Vampiric Draining     Necr           26%        2d7       1%          3
c - Agony                 Necr           26%        N/A       13%         5
d - Anguish               Hex/Necr       7%         N/A       28%         4
e - Necrotise             Necr           100%       1d9       1%          1

Your spell library contained the following spells:

 Spells                   Type           Power      Damage    Failure   Level
 Sublimation of Blood     Necr           26%        N/A       1%          2
 Animate Dead             Necr           26%        N/A       4%          4
 Dispel Undead            Necr           26%        3d13      4%          4
 Wereblood                Tmut           10%        N/A       10%         2
 Foxfire                  Conj/Fire      12%        2x1d4     19%         1
 Freeze                   Ice            12%        1d4       19%         1
 Poisonous Vapours        Pois/Air       6%         N/A       28%         2
 Spider Form              Tmut/Pois      6%         N/A       32%         3
 Corpse Rot               Necr/Pois/Air  11%        N/A       47%         4
 Conjure Flame            Conj/Fire      3%         6-21      50%         3
 Dazzling Flash           Conj/Hex       6%         N/A       50%         3
 Frozen Ramparts          Ice            6%         1d1       50%         3
 Inner Flame              Hex/Fire       3%         N/A       50%         3
 Death Channel            Necr           13%        N/A       58%         6
 Borgnjor's Vile Clutch   Necr/Erth      7%         N/A       63%         5
 Ice Form                 Ice/Tmut       6%         N/A       71%         4
 Flame Wave               Conj/Fire      3%         2d5       88%         4
 Passage of Golubria      Tloc           3%         N/A       88%         4
 Summon Ice Beast         Ice/Summ       3%         N/A       88%         4
 Manifold Assault         Tloc           3%         N/A       99%         5
 Silence                  Hex/Air        1%         N/A       99%         5
 Summon Mana Viper        Hex/Summ       3%         N/A       99%         5
 Conjure Ball Lightning   Conj/Air       1%         3x3d6     100%        6
 Iron Shot                Conj/Erth      1%         9d1       100%        6
 Monstrous Menagerie      Summ           1%         N/A       100%        7
 Spellforged Servitor     Conj/Summ      1%         N/A       100%        7


Dungeon Overview and Level Annotations

Branches:
Dungeon (10/15)            Temple (1/1) D:4            Lair (2/5) D:8
  Swamp: Lair:2-3    Shoals: Lair:2-3     Snake: Lair:2-3    Spider: Lair:2-3
    Orc: D:9-12

Altars:
Ashenzari
Cheibriados
Dithmenos
Elyvilon
Fedhas
Gozag
Hepliaklqana
Kikubaaqudgha
Makhleb
Nemelex Xobeh
Okawaru
Qazlal
Ru
Sif Muna
Trog
Uskayaw
Vehumet
Xom
Yredelemnul
Zin
The Shining One

Annotations:
Lair:1 exclusion: 3 oklob plants


Innate Abilities, Weirdness & Mutations

You have temporarily grown beastly horns and talons.
Your dull iron-grey scales are very hard. (AC +13)
You are amphibious.
You cannot fit into any form of body armour.
You are cold-blooded and may be slowed by cold attacks.
You have a beak for a mouth.
You possess an exceptional clarity of mind.
You are resistant to electric shocks. (rElec)


Message History

The boulder beetle completely misses you.
The boulder beetle stops rolling and uncurls.
You puncture the boulder beetle!
The boulder beetle writhes in agony.
You claw the boulder beetle, but do no damage.
You headbutt the boulder beetle!
The boulder beetle is severely wounded.
Your horns disappear.
Your talons disappear.
You hit the boulder beetle.
The boulder beetle is severely wounded.
The boulder beetle bites you!
You hit the boulder beetle but do no damage.
The boulder beetle writhes in agony!
The boulder beetle is almost dead.
You hit the boulder beetle but do no damage.
The boulder beetle writhes in agony.
The boulder beetle is almost dead.
The boulder beetle leaps!
The yaktaur unwields a +0 arbalest.
The yaktaur completely misses you.
There is an open door, spattered with blood here.
You hit the yaktaur.
The yaktaur writhes in agony.
Your peck misses the yaktaur.
The yaktaur is lightly wounded.
You hit the yaktaur.
The yaktaur writhes in agony!
You tail-slap the yaktaur!
The yaktaur is heavily wounded.
The yaktaur hits you!
The boulder beetle curls into a ball and begins rolling!
Casting: Beastly Appendage (safe; 6% risk of failure)
Confirm with . or Enter, or press ? or * to list all spells.
You grow a pair of large bovine horns.
Your feet morph into talons.
The yaktaur hits you but does no damage.
You hit the yaktaur.
The yaktaur writhes in agony!
Your kick misses the yaktaur. You headbutt the yaktaur! You peck the yaktaur.
You kill the yaktaur!
Kikubaaqudgha accepts your kill.
You have reached level 12!
You feel stronger.
Your scales feel tougher.
Items here: )) [ †.
The boulder beetle hits you!!!
You die...
Kikubaaqudgha rasps: "You have failed me!
Welcome... death!"

##############
#†B@.........##
####○##########..####
+...)○..†...)###....#
#...B...#...)# ####.#
#...°...# ....$ #.#
##..°..## H... #.###
#..°..# ... ##..[.
##...## .. #.'...
#...# . #.#...


You could see a boulder beetle (rolling).

Vanquished Creatures
  A hydra (D:10)
  2 two-headed ogres
  A deep elf zephyrmancer (D:10)
  A manticore (D:10)
  3 cane toads (Lair:1)
  A yaktaur (D:10)
  A rime drake (Lair:1)
  A kobold demonologist (D:7)
  2 unseen horrors
  A slime creature (D:7)
  10 blink frogs (Lair:1)
  Prince Ribbit (D:5)
  11 yaks
  A basilisk (Lair:1)
  5 wyverns
  3 steam dragons (D:7)
  An acid dragon (D:9)
  Duvessa (D:4)
  6 water moccasins
  2 ice beasts
  A floating eye (Lair:1)
  5 orc warriors
  A sky beast (D:7)
  3 black bears
  6 centaurs
  5 wolves (Lair:1)
  2 kobold brigands
  3 bullfrogs
  5 scorpions
  A wight (D:10)
  Dowan (D:4)
  15 killer bees
  A troll skeleton (D:9)
  5 spriggan skeletons (D:9)
  3 howler monkeys
  2 electric eels (D:8)
  4 jellies
  3 hounds (D:5)
  10 orc priests
  Jessica (D:2)
  2 iguanas (D:5)
  Ijyb (D:3)
  10 orc wizards
  Robin (D:4)
  4 gnolls (D:6)
  6 adders
  2 shadow imps
  3 white imps
  An ufetubus (D:7)
  2 worms
  A dart slug (D:1)
  36 orcs
  14 ball pythons
  5 bats
  8 endoplasms
  4 giant cockroaches
  14 goblins
  16 hobgoblins
  3 jackals
  2 quokkas (D:2)
  15 kobolds
  14 rats
296 creatures vanquished.

Vanquished Creatures (others)
  A two-headed ogre (D:8)
  A troll (D:8)
  A kobold brigand (D:8)
  An orc wizard (D:4)
  13 fungi
  24 plants
41 creatures vanquished.

Grand Total: 337 creatures vanquished

Notes
Turn   | Place    | Note
-------+----------+-------------------------------------------
     0 | D:1      | Arctor the Draconian Transmuter began the quest for the
                  | Orb.
     0 | D:1      | Reached XP level 1. HP: 16/16 MP: 3/3
   129 | D:1      | Reached XP level 2. HP: 23/23 MP: 3/5
   882 | D:2      | Reached XP level 3. HP: 27/29 MP: 4/6
   912 | D:2      | Learned a level 3 spell: Spider Form
   989 | D:2      | Noticed Jessica
  1003 | D:2      | Killed Jessica
  1004 | D:2      | Reached skill level 2 in Fighting
  1287 | D:2      | Reached XP level 4. HP: 34/36 MP: 5/7
  1440 | D:2      | Identified the +6 dagger of Innocence {pain, rF+++ rC- rN+
                  | Will+}
  2387 | D:3      | Noticed Ijyb
  2420 | D:3      | Killed Ijyb
  2421 | D:3      | Reached skill level 1 in Short Blades
  2421 | D:3      | Reached XP level 5. HP: 11/42 MP: 9/9
  2929 | D:3      | Reached skill level 3 in Fighting
  2963 | D:3      | Found a faded altar of an unknown god.
  3566 | D:4      | Reached XP level 6. HP: 38/51 MP: 8/10
  3700 | D:4      | Noticed Robin
  3721 | D:4      | Killed Robin
  3979 | D:4      | Found a shadowy altar of Dithmenos.
  3997 | D:4      | Found a staircase to the Ecumenical Temple.
  4143 | D:4      | Noticed Dowan
  4153 | D:4      | Killed Dowan
  4154 | D:4      | Your scales start taking on a dull iron-grey colour.
  4154 | D:4      | Reached XP level 7. HP: 48/58 MP: 10/12
  4347 | D:4      | Reached skill level 4 in Fighting
  4461 | D:4      | Noticed Duvessa
  4470 | D:4      | Killed Duvessa
  4897 | D:5      | Entered Level 5 of the Dungeon
  4961 | Temple   | Entered the Ecumenical Temple
  5076 | Temple   | Became a worshipper of Kikubaaqudgha
  5343 | D:5      | Noticed Prince Ribbit
  5494 | D:5      | Killed Prince Ribbit
  5495 | D:5      | Reached skill level 1 in Necromancy
  5495 | D:5      | Reached XP level 8. HP: 54/67 MP: 12/14
  5573 | D:5      | Reached skill level 5 in Fighting
  6113 | D:5      | Found a sacrificial altar of Ru.
  6125 | D:5      | Reached skill level 5 in Dodging
  6125 | D:5      | Reached skill level 5 in Spellcasting
  6347 | D:6      | Reached skill level 1 in Stealth
  6352 | D:6      | Reached * piety under Kikubaaqudgha
  6352 | D:6      | Received a gift from Kikubaaqudgha
  6949 | D:6      | Reached skill level 6 in Fighting
  6949 | D:6      | Reached skill level 5 in Short Blades
  6949 | D:6      | Reached XP level 9. HP: 75/75 MP: 16/16
  7078 | D:6      | Identified the +7 short sword of the Eternal Warrior
                  | {freeze, rPois rF+ Str-2 Dex+4}
  7978 | D:7      | Reached skill level 7 in Fighting
  8165 | D:7      | Reached ** piety under Kikubaaqudgha
  8247 | D:7      | Reached skill level 5 in Necromancy
  8260 | D:7      | Noticed a kobold demonologist
  8292 | D:7      | Killed a kobold demonologist
  8322 | D:7      | Reached skill level 8 in Fighting
  8337 | D:7      | Noticed a six-headed hydra
  8685 | D:6      | Learned a level 3 spell: Vampiric Draining
  8691 | D:6      | Learned a level 5 spell: Agony
  8696 | D:6      | Learned a level 4 spell: Anguish
  8698 | D:6      | Learned a level 1 spell: Necrotise
  8709 | D:7      | Reached XP level 10. HP: 88/88 MP: 15/17
  9209 | D:7      | Got the Meditations on Conjury
  9209 | D:7      | Got Seohofalaf's Papyrus of the Hiemal Traveller
 10007 | D:8      | Found a staircase to the Lair.
 10016 | Lair:1   | Entered Level 1 of the Lair of Beasts
 10016 | Lair:1   | Noticed a cane toad
 10061 | D:8      | Gained mutation: You have a beak for a mouth. [potion of
                  | mutation]
 10061 | D:8      | Gained mutation: You possess an exceptional clarity of
                  | mind. [potion of mutation]
 10061 | D:8      | Gained mutation: You are resistant to electric shocks.
                  | (rElec) [potion of mutation]
 11639 | Lair:1   | Killed a cane toad
 11655 | Lair:1   | Reached skill level 9 in Fighting
 12011 | Lair:1   | Noticed a cane toad
 12033 | Lair:1   | Killed a cane toad
 12327 | Lair:1   | Reached *** piety under Kikubaaqudgha
 12327 | Lair:1   | Received a gift from Kikubaaqudgha
 12367 | Lair:1   | Reached XP level 11. HP: 53/97 MP: 15/18
 12800 | Lair:1   | You fall into a shaft and drop 1 floor!
 12818 | Lair:2   | Noticed a boulder beetle
 12818 | Lair:2   | Noticed a seven-headed hydra
 12901 | Lair:1   | Noticed an oklob plant
 12910 | Lair:1   | Noticed an oklob plant
 13085 | Lair:1   | Paralysed by a floating eye for 2 turns
 13093 | Lair:1   | Noticed an oklob plant
 13260 | Lair:1   | Reached skill level 10 in Fighting
 14054 | D:9      | Reached skill level 1 in Evocations
 14327 | D:9      | Found a sparkling altar of Nemelex Xobeh.
 14358 | D:9      | Found a shimmering altar of Xom.
 14505 | D:9      | Noticed a two-headed ogre
 14519 | D:9      | Killed a two-headed ogre
 15174 | D:9      | Reached **** piety under Kikubaaqudgha
 15402 | D:10     | Entered Level 10 of the Dungeon
 15490 | D:10     | Noticed a two-headed ogre
 15509 | D:10     | Killed a two-headed ogre
 15550 | D:10     | Noticed a five-headed hydra
 15550 | D:10     | Noticed a boulder beetle
 15550 | D:10     | Noticed a deep elf zephyrmancer
 15555 | D:10     | Killed a five-headed hydra
 15562 | D:10     | Killed a deep elf zephyrmancer
 15585 | D:10     | Reached XP level 12. HP: 43/108 MP: 17/19
 15587 | D:10     | Mangled by a boulder beetle

Illustrated notes

Levels and vault maps discovered:
D:1:      scummos_arrival_star, layout_rooms, minmay_misc_feat_square,
          minivault_25
D:2:      layout_basic, minmay_misc_feat_doors, kennysheep_flooded_box,
          uniq_jessica
D:3:      layout_rooms, portal_sewer_entry_b,
          shapermc_ecumenical_altar_hornbeckon, minmay_between, uniq_ijyb
D:4:      layout_basic, grunt_dithmenos_smoke, minmay_temple_entry_overgrown,
          grunt_decor_resistance, minmay_a_box_with_orc_wizards_in_it,
          uniq_robin, uniq_duvessa
D:5:      layout_cave_pools, serial_park, serial_park_square2,
          serial_park_tiny_pond, serial_park_square3
          [serial_park_minivault_5x5_4], serial_park_tiny_1, minivault_24,
          minmay_increasing_density, uniq_prince_ribbit1
D:6:      layout_basic, minmay_puff
D:7:      minmay_the_grid_four_pointed_star
          [minmay_the_grid_triangle_9x9_negative_grid,
          minmay_the_grid_triangle_9x9_odd_lines,
          minmay_the_grid_triangle_9x9_limited_checkers,
          minmay_the_grid_triangle_9x9_steps,
          minmay_the_grid_prize_four_corners_diamond_a], layout_loops_ring
D:8:      layout_layer_cave, lair_entry_dummy, kennysheep_potato
D:9:      layout_basic, mainiacjoe_overflow_swirl, minmay_misc_feat_alley,
          hangedman_tell_no_tales
D:10:     layout_roguey, mainiacjoe_overflow_24_doors, nicolae_rejected_hall,
          uniq_urug
Temple:   nicolae_temple_two_arcs
Lair:1:   layout_regular_city, disabler_island
Lair:2:   layout_loops_ring, infiniplex_staircase_pool, uniq_fannar

Skill      XL: |  1  2  3  4  5  6  7  8  9 10 11 |
---------------+----------------------------------+-----
Dodging        | 2 3 4 5 6 7 |  7.9
Fighting       | 2 3 4 6 8 9 10 | 10.7
Short Blades   | 1 2 3 5 7 8 9 |  9.7
Spellcasting   | 3 4 5 |  5.2
Necromancy     | 1 3 5 7 8 |  8.9
Stealth        | 1 |  1.4
Evocations     | 3 |  3.4
Unarmed Combat | |  3.4
Transmutations | |  2.6

Action                   |  1- 3 |  4- 6 |  7- 9 | 10-12 || total
-------------------------+-------+-------+-------+-------++-------
Melee: Unarmed           |    86 |    19 |       |       ||   105
       Kick              |    20 |     9 |    90 |   133 ||   252
       Headbutt          |     7 |     7 |    67 |    81 ||   162
       Tailslap          |     6 |    16 |    50 |    77 ||   149
       Punch             |     1 |     3 |     2 |    12 ||    18
       Dagger            |       |   179 |   345 |   468 ||   992
       Peck              |       |       |       |    85 ||    85
 Cast: Beastly Appendage |    21 |    11 |    37 |    55 ||   124
       Spider Form       |       |     1 |       |       ||     1
       Necrotise         |       |       |       |     7 ||     7
       Anguish           |       |       |       |     1 ||     1
Invok: Unearth Wretches  |       |       |       |     1 ||     1
Evoke: Wand              |       |       |       |    25 ||    25
  Use: Potion            |     1 |     4 |       |     5 ||    10
       Scroll            |       |     7 |    10 |     2 ||    19
 Stab: Sleeping          |       |     2 |     5 |     2 ||     9
       Distracted        |       |       |     1 |       ||     1
Armor: Skin              |    29 |    64 |   120 |   210 ||   423
Dodge: Dodged            |    60 |   134 |   228 |   414 ||   836
